[Event "Titled Tuesday Blitz August 08 Early 2023"]
[White "Yaran, Siar"]
[Black "Pranav Anand"]
[WhiteFideId "6323006"]
[BlackFideId "46626786"]
[WhiteElo "2682"]
[BlackElo "2868"]
[Result "1-0"]
[Round "7"]
[TimeControl "180+1"]
[Date "2023.08.08"]
[WhiteClock "0:00:14"]
[BlackClock "0:00:02"]
[Board "29"]

1. e4 e5 2. f4 exf4 3. Nf3 Nf6 4. e5 Nh5 5. d4 g6 6. Nc3 d6 7. Qe2 d5 8. Bd2 Be6 9. O-O-O c6 10. Kb1 Be7 11. Qf2 Nd7 12. Ne2 g5 13. h4 g4 14. Ng5 Bxg5 15. hxg5 Qxg5 16. g3 O-O-O 17. gxf4 Qg6 18. Rxh5 Qxh5 19. Ng3 Qh4 20. Bd3 h5 21. Rh1 Qe7 22. f5 h4 23. Ne2 Rdg8 24. Nf4 Nf8 25. fxe6 fxe6 26. a3 Qf7 27. Qg2 Kb8 28. b4 Nd7 29. b5 c5 30. c4 cxd4 31. cxd5 Nxe5 32. dxe6 Qf8 33. Qe4 Nxd3 34. Qxd3 Qd6 35. Rf1 Ka8 36. Bb4 Qe5 37. e7 h3 38. Ng6 Rxg6 39. Qxg6 Rb8 40. Re1 Qxb5 41. e8=Q Qxe8 42. Rxe8 1-0


[Site "https://www.chess.com"]

[Event "Titled Tuesday Blitz August 08 Early 2023"]
[White "Yeletsky, Ivan"]
[Black "Goltsev, Dmitry"]
[WhiteFideId "24180327"]
[BlackFideId "24176710"]
[WhiteElo "2860"]
[BlackElo "2644"]
[Result "1-0"]
[Round "7"]
[TimeControl "180+1"]
[Date "2023.08.08"]
[WhiteClock "0:00:06"]
[BlackClock "0:00:07"]
[Board "30"]

1. d4 Nf6 2. c4 e6 3. Bf4 b6 4. a3 Bb7 5. Nc3 Be7 6. d5 exd5 7. cxd5 O-O 8. Nf3 Re8 9. e3 a5 10. Bc4 d6 11. Nd4 Nbd7 12. O-O Ne5 13. Bb5 Rf8 14. Nf5 Ng6 15. Bg3 Bc8 16. Nd4 Bd7 17. Bc6 Rb8 18. Rc1 Re8 19. Ncb5 Rc8 20. Na7 Rb8 21. Nab5 Rc8 22. Bb7 Rb8 23. Rxc7 Bxb5 24. Nxb5 Ne4 25. Bc6 Rf8 26. Rd7 Qc8 27. Qe2 Qa6 28. Ra7 Qc8 29. Rd7 Qa6 30. Qc2 Nxg3 31. hxg3 Rfd8 32. Ra7 Qc8 33. Rc1 Qg4 34. Qc4 Qh5 35. Rd7 Ne5 36. Rxd8+ Rxd8 37. Qf4 Ng4 38. Rc4 f5 39. Nc7 Qh2+ 40. Kf1 Qh1+ 41. Ke2 Qxg2 42. Ne6 Rc8 43. Rc1 g6 44. Qf3 Qxf3+ 45. Kxf3 Kf7 46. Ke2 Ne5 47. Nd4 Bf6 48. Nb5 Ke7 49. b3 h5 50. f3 g5 51. Nd4 Nxc6 52. Nxf5+ Kd7 53. dxc6+ Rxc6 54. Rxc6 Kxc6 55. e4 d5 56. Kd3 dxe4+ 57. Kxe4 h4 58. gxh4 gxh4 59. Kf4 Kd5 60. Kg4 b5 61. Nxh4 Kd4 62. Nf5+ Kc3 63. Nd6 b4 64. axb4 axb4 65. Ne4+ Kxb3 66. Nxf6 Kc4 67. Ne4 Kd3 68. Kf4 Kd4 69. Nd2 Kd3 70. Nb3 Kc4 71. Nc1 Kd4 72. Kg4 Ke3 73. f4 Kd2 74. Nb3+ Kc3 75. Na5 Kd4 76. f5 Ke5 77. Kg5 Kd6 78. f6 b3 79. Nxb3 Ke5 80. Kg6 Ke6 81. f7 Kd5 82. Kg7 Kc4 83. Nc1 Kc3 84. f8=Q Kb2 85. Qc5 Ka1 86. Nd3 1-0


[Site "https://www.chess.com"]

[Event "Titled Tuesday Blitz August 08 Early 2023"]
[White "Timerkhanov, Alexander"]
[Black "Henriquez Villagra, Cristobal"]
[WhiteFideId "24177938"]
[BlackFideId "3409350"]
[WhiteElo "2667"]
[BlackElo "2847"]
[Result "1-0"]
[Round "7"]
[TimeControl "180+1"]
[Date "2023.08.08"]
[WhiteClock "0:00:13"]
[BlackClock "0:00:11"]
[Board "31"]

1. d4 d6 2. Nf3 Nf6 3. g3 Bf5 4. Bg2 c6 5. O-O h6 6. c4 e6 7. Nc3 d5 8. Qb3 Qb6 9. c5 Qa6 10. Bf4 Nbd7 11. Qd1 g5 12. Be5 Bg7 13. Re1 g4 14. Nh4 Nxe5 15. dxe5 Nd7 16. e4 dxe4 17. Bxe4 Bxe4 18. Nxe4 Bxe5 19. Qxg4 O-O-O 20. Qh5 Rhf8 21. Rad1 f5 22. Nd6+ Bxd6 23. cxd6 Qxa2 24. Ng6 Rf6 25. Ne7+ Kb8 26. Qh4 Qa5 27. Re2 e5 28. Rd3 e4 29. Ra3 Qb4 30. Qf4 Rdf8 31. Rd2 a5 32. Qe3 Rxd6 33. Nxc6+ Rxc6 34. Rxd7 f4 35. Qd4 Qxd4 36. Rxd4 e3 37. fxe3 Rc1+ 38. Kf2 fxg3+ 39. Kxg3 Rg1+ 40. Kh3 Rf3+ 41. Kh4 Rf2 42. h3 Rxb2 43. Rxa5 Rg6 44. Raa4 Rb5 45. Rab4 Re5 46. e4 Rge6 47. Kg4 b6 48. Kf4 Kc7 49. Rd5 Rxd5 50. exd5 Re1 51. Rc4+ Kb7 52. d6 Rd1 53. Ke5 b5 54. Rc2 Kb6 55. Ke6 b4 56. d7 Re1+ 57. Kd6 Rd1+ 58. Ke7 Kb5 1-0


[Site "https://www.chess.com"]

[Event "Titled Tuesday Blitz August 08 Early 2023"]
[White "Ibarra Jerez, Jose Carlos"]
[Black "Tsvetkov, Andrey"]
[WhiteFideId "2226332"]
[BlackFideId "34139360"]
[WhiteElo "2841"]
[BlackElo "2636"]
[Result "1-0"]
[Round "7"]
[TimeControl "180+1"]
[Date "2023.08.08"]
[WhiteClock "0:00:05"]
[BlackClock "0:00:18"]
[Board "32"]

1. e4 c5 2. Nf3 e6 3. d3 d5 4. Qe2 Nf6 5. g3 Nc6 6. Bg2 Qc7 7. O-O Bd6 8. Re1 dxe4 9. dxe4 Ne5 10. Nfd2 Nc6 11. Nc4 e5 12. c3 h6 13. a4 Be6 14. Nba3 a6 15. Nxd6+ Qxd6 16. Nc4 Qc7 17. Ne3 Rd8 18. Nf5 Bxf5 19. exf5 O-O 20. Be3 b6 21. Qxa6 Nd5 22. Qc4 Nce7 23. Be4 Nf6 24. Bc2 Ned5 25. Bd2 Nb4 26. cxb4 Rxd2 27. Qc3 Rd4 28. bxc5 Nd5 29. cxb6 Qxb6 30. Qb3 Nb4 31. Be4 Rd2 32. Re3 Qd4 33. a5 Rxb2 34. Qc3 Rd8 35. a6 Nxa6 36. Rxa6 Qd1+ 37. Re1 Qd2 38. Qxd2 Rdxd2 39. f6 gxf6 40. Rxf6 Kg7 41. Rf3 f6 42. Bf5 e4 43. Rxe4 Rd1+ 44. Kg2 Rbb1 45. Rg4+ Kf8 46. Bxb1 Rxb1 47. Rxf6+ Ke7 48. Rxh6 Kf7 49. Rf4+ Kg7 50. Rhf6 Rb7 51. h4 Rf7 52. Rxf7+ Kg6 53. R4f6+ Kh5 54. Rh7+ Kg4 55. f3# 1-0


[Site "https://www.chess.com"]

[Event "Titled Tuesday Blitz August 08 Early 2023"]
[White "Erzhanov, Arman"]
[Black "Salinas Herrera, Pablo"]
[WhiteFideId "4138821"]
[BlackFideId "3407128"]
[WhiteElo "2634"]
[BlackElo "2832"]
[Result "1/2-1/2"]
[Round "7"]
[TimeControl "180+1"]
[Date "2023.08.08"]
[WhiteClock "0:00:38"]
[BlackClock "0:00:30"]
[Board "33"]

1. e4 c5 2. Nf3 d6 3. d4 cxd4 4. Qxd4 a6 5. Be2 Nc6 6. Qe3 g6 7. h3 Bh6 8. Qc3 Qa5 9. Qxa5 Nxa5 10. Bxh6 Nxh6 11. c4 Be6 12. b3 O-O 13. Nd4 Kg7 14. Nc3 Rac8 15. Rc1 Ng8 16. f4 Nc6 17. Nxc6 Rxc6 18. Kd2 Rfc8 19. Nd5 Bxd5 20. cxd5 Rxc1 21. Rxc1 Rxc1 22. Kxc1 f5 23. e5 h6 24. h4 g5 25. hxg5 hxg5 26. g3 Nh6 27. e6 gxf4 28. gxf4 Ng4 29. Kd2 Nf6 30. Bf3 Kg6 31. a4 Ne8 32. Kc3 Nc7 33. Kb4 b6 34. Kc4 Kh6 35. Kd4 Kg6 36. Be2 Kh6 37. Bf3 Kg7 38. Bh5 Kf6 39. Be2 Kg6 40. Bf3 Kg7 41. Be2 Kf8 42. Bh5 Kg7 43. Be2 a5 44. Kc4 Kg6 45. Kd4 Kh7 46. Kc4 Kg7 47. Kd4 Kf8 48. Bd3 Ke8 49. Bxf5 b5 50. Bd3 bxa4 51. bxa4 Kf8 52. Bc4 Kg7 53. Ke4 Kf6 54. Be2 Na8 55. Bd3 Nb6 56. Bb5 Kg6 57. Bc6 Kf6 58. Bb5 Nc8 59. Bc6 Nb6 60. Bb5 1/2-1/2


[Site "https://www.chess.com"]

[Event "Titled Tuesday Blitz August 08 Early 2023"]
[White "Bharath Subramaniyam H"]
[Black "Malek, Jan"]
[WhiteFideId "46634827"]
[BlackFideId "21864080"]
[WhiteElo "2830"]
[BlackElo "2618"]
[Result "1-0"]
[Round "7"]
[TimeControl "180+1"]
[Date "2023.08.08"]
[WhiteClock "0:00:12"]
[BlackClock "0:00:00"]
[Board "34"]

1. e4 e6 2. d4 g6 3. Nc3 Bg7 4. h4 h6 5. Nf3 Ne7 6. Bf4 d6 7. Qd2 Nd7 8. O-O-O b6 9. d5 e5 10. Be3 a6 11. g4 Nf6 12. g5 Ng4 13. Bh3 Nxe3 14. Qxe3 Bxh3 15. Rxh3 hxg5 16. Nxg5 Ng8 17. Rhh1 Nf6 18. Ne2 Qe7 19. Qc3 O-O-O 20. Qc6 Kb8 21. Rh3 Ka7 22. Ra3 Qd7 23. Nxf7 Bh6+ 24. Nxh6 Qxc6 25. dxc6 Rxh6 26. Nc3 a5 27. Nb5+ Kb8 28. b4 axb4 29. Ra7 Ne8 30. Rb7+ Ka8 31. a3 b3 32. cxb3 Rxh4 33. Nxc7+ Nxc7 34. Rxc7 Rxe4 35. Rd7 Rc8 36. R1xd6 Rd4 37. Rxd4 exd4 38. Rd6 g5 39. Kd2 Kb8 40. Rf6 Kc7 41. Kd3 Rd8 42. a4 Rd5 43. b4 Rd8 44. b5 Rd5 45. Rf7+ Kc8 46. Rb7 Rf5 47. Rxb6 Rxf2 48. Ra6 g4 49. b6 Kb8 50. c7+ Kb7 51. Ra7+ Kxb6 52. c8=Q Kxa7 53. Qxg4 Rf7 54. Qxd4+ Ka8 55. Qd5+ Rb7 56. Kc4 Ka7 57. Qa5+ Kb8 58. Qd8+ Ka7 59. Kc5 Rb2 60. Qd4 Rb7 61. Kc6+ Ka8 62. a5 Rb1 63. Qd8+ Rb8 64. Qc7 Rb1 65. Qf4 Rc1+ 66. Kb6 Rb1+ 67. Kc5 Rb8 68. Qc7 Rb1 69. Qd8+ Ka7 70. Qd4 Ka8 71. Qe4+ Ka7 72. Qxb1 1-0


[Site "https://www.chess.com"]

[Event "Titled Tuesday Blitz August 08 Early 2023"]
[White "Vaibhav Jayant Raut"]
[Black "Shimanov, Aleksandr"]
[WhiteFideId "5089034"]
[BlackFideId "4198603"]
[WhiteElo "2627"]
[BlackElo "2916"]
[Result "0-1"]
[Round "7"]
[TimeControl "180+1"]
[Date "2023.08.08"]
[WhiteClock "0:00:04"]
[BlackClock "0:00:22"]
[Board "35"]

1. d4 Nf6 2. Nf3 g6 3. Nc3 Bg7 4. e4 d6 5. Bf4 a6 6. a4 O-O 7. Qd2 Bg4 8. Bh6 Nbd7 9. Be2 e5 10. Bxg7 Kxg7 11. d5 Bxf3 12. Bxf3 Qe7 13. O-O a5 14. g3 Nc5 15. Bg2 h5 16. f4 h4 17. f5 hxg3 18. hxg3 Rh8 19. Rf2 Rh5 20. fxg6 fxg6 21. Raf1 Rf8 22. g4 Rhh8 23. Qg5 Nxd5 24. Qxe7+ Nxe7 25. Nb5 Ne6 26. Rxf8 Rxf8 27. Rxf8 Kxf8 28. Bf1 Nc6 29. c3 Ke7 30. Bc4 Ncd8 31. b4 b6 32. Kf2 c6 33. Na3 Kd7 34. Bxe6+ Nxe6 35. Nc4 Kc7 36. Ke3 axb4 37. cxb4 Nd4 38. a5 b5 39. Na3 c5 40. bxc5 dxc5 41. Kd3 Kb7 42. Nb1 Ka6 43. Nc3 c4+ 44. Ke3 b4 45. Nd5 Kxa5 0-1


[Site "https://www.chess.com"]

[Event "Titled Tuesday Blitz August 08 Early 2023"]
[White "Sakun, Volodymyr"]
[Black "Demchenko, Anton"]
[WhiteFideId "14114062"]
[BlackFideId "4160258"]
[WhiteElo "2645"]
[BlackElo "2893"]
[Result "1/2-1/2"]
[Round "7"]
[TimeControl "180+1"]
[Date "2023.08.08"]
[WhiteClock "0:00:05"]
[BlackClock "0:00:04"]
[Board "36"]

1. e4 e5 2. Nf3 Nc6 3. Bb5 a6 4. Ba4 Nf6 5. d3 d6 6. h3 g6 7. O-O Bg7 8. Nc3 O-O 9. Be3 b5 10. Bb3 Na5 11. Qd2 c5 12. Bg5 Nxb3 13. axb3 Bb7 14. Nh2 Qc7 15. Ng4 Nh5 16. Ne3 f6 17. Ned5 Qf7 18. Bh6 g5 19. Bxg7 Qxg7 20. Ne3 Qd7 21. Nf5 d5 22. Qe2 Nf4 23. Qe1 Kh8 24. Kh2 Rad8 25. g3 Ne6 26. Nxd5 Bxd5 27. exd5 Qxd5 28. Rxa6 Rfe8 29. Qe4 Qxe4 30. dxe4 Rd2 31. Ne3 Kg7 32. Kg2 Nd4 33. Rb6 b4 34. c3 Nxb3 35. cxb4 cxb4 36. Rxb4 Nc5 37. Rc4 Ne6 38. b4 Nd4 39. Rb1 Ra8 40. Rc7+ Kg6 41. Nd5 Raa2 42. Rf1 h5 43. Ne7+ Kf7 44. Nd5+ Ke8 45. Nxf6+ Kd8 46. Rd7+ Kc8 47. Rd5 h4 48. Rxe5 hxg3 49. Kxg3 Ne2+ 50. Kg4 Nf4 51. Rxg5 Nd3 52. Kf5 Nxf2 53. h4 Nd3 54. Rg3 Nxb4 55. h5 Rh2 56. Kg6 Nc6 57. Kg7 Ne5 58. h6 Ra7+ 59. Kg8 Rxh6 60. Rg7 Rxg7+ 61. Kxg7 Rh4 62. Rc1+ Kb7 63. Nd5 Rxe4 64. Kf6 Nc6 65. Nc3 Re3 66. Kf5 Rf3+ 67. Ke4 Rh3 68. Nd5 Rh4+ 69. Kd3 Rh3+ 70. Kc4 Rh4+ 71. Kc5 Ne5 72. Kd6 Nd3 73. Rb1+ Ka7 74. Ra1+ Kb7 75. Rb1+ Ka7 76. Ra1+ Kb7 77. Rb1+ 1/2-1/2


[Site "https://www.chess.com"]

[Event "Titled Tuesday Blitz August 08 Early 2023"]
[White "Tarhan, Adar"]
[Black "Jones, Gawain C B"]
[WhiteFideId "34544712"]
[BlackFideId "409561"]
[WhiteElo "2644"]
[BlackElo "2892"]
[Result "1-0"]
[Round "7"]
[TimeControl "180+1"]
[Date "2023.08.08"]
[WhiteClock "0:00:07"]
[BlackClock "0:00:07"]
[Board "37"]

1. e4 e5 2. Nf3 Nc6 3. Bb5 a6 4. Bxc6 dxc6 5. O-O Qf6 6. d4 exd4 7. Bg5 Qd6 8. Nxd4 Be7 9. Be3 Nf6 10. f3 c5 11. Ne2 Be6 12. Nbc3 O-O-O 13. Qe1 h6 14. Nf4 Bc4 15. Rf2 g5 16. Rd2 Qb6 17. Nd3 g4 18. f4 Bxd3 19. cxd3 h5 20. Rc1 Qe6 21. f5 Qe5 22. Ne2 Bd6 23. Bf4 Qe7 24. Bxd6 Rxd6 25. Nf4 Qe5 26. Qe3 Nd5 27. Nxd5 Rxd5 28. Qg3 Qd4+ 29. Qf2 Re5 30. Qxd4 cxd4 31. Rc4 Rd8 32. Rdc2 c6 33. Kf2 h4 34. Rc5 f6 35. Rxe5 fxe5 36. h3 gxh3 37. gxh3 Rg8 38. Rc5 Re8 39. Kf3 Kd7 40. Kg4 Kd6 41. Rc2 Rg8+ 42. Kxh4 Ke7 43. b4 Rg1 44. a4 Rb1 45. Kg5 Rg1+ 46. Kh4 Rb1 47. Kg5 Kf7 48. f6 Rxb4 49. Kf5 Rxa4 50. Rg2 c5 51. Rg7+ Kf8 52. Ke6 Rb4 53. Rc7 Rb6+ 54. Kxe5 a5 55. Rxc5 Ra6 56. Kf5 Kf7 57. e5 a4 58. Rc7+ Ke8 59. e6 Kd8 60. Rxb7 a3 61. e7+ Kc8 62. Rb4 Kd7 63. Rxd4+ Kc7 64. e8=Q Ra5+ 65. Kg6 Rd5 66. Qe7+ Kc6 67. Rxd5 Kxd5 68. Qxa3 Kd4 69. f7 Ke5 70. f8=Q Kd4 71. Qfd6+ Ke3 72. d4+ Ke4 73. Qe5# 1-0


[Site "https://www.chess.com"]

[Event "Titled Tuesday Blitz August 08 Early 2023"]
[White "Khubukshanov, Erdem"]
[Black "Saya, Ethan"]
[WhiteFideId "54114527"]
[BlackFideId "26095181"]
[WhiteElo "2840"]
[BlackElo "2634"]
[Result "1-0"]
[Round "7"]
[TimeControl "180+1"]
[Date "2023.08.08"]
[WhiteClock "0:00:34"]
[BlackClock "0:00:00"]
[Board "38"]

1. c4 e6 2. Nf3 d5 3. g3 Nf6 4. Bg2 Be7 5. O-O O-O 6. b3 b6 7. Bb2 Bb7 8. cxd5 Nxd5 9. d4 Nf6 10. Qc2 Nbd7 11. Rd1 Rc8 12. Nc3 c5 13. e3 cxd4 14. Nxd4 Bxg2 15. Kxg2 Qc7 16. Qe2 Ne5 17. Qa6 Qb8 18. Rac1 Qa8+ 19. Kg1 Rfd8 20. Nce2 Nd5 21. a3 Nc7 22. Qa4 Qb7 23. b4 Ne8 24. Qb3 Nd6 25. Rxc8 Rxc8 26. Rc1 Rxc1+ 27. Bxc1 b5 28. Qc3 Ndc4 29. Nf4 Bf6 30. Qc2 a6 31. Qd1 h6 32. Nh5 Be7 33. Nf4 Bg5 34. Ng2 Bf6 35. Ne1 Nc6 36. Nb3 N6e5 37. Nc5 Qc6 38. f4 Ng4 39. Qxg4 1-0


[Site "https://www.chess.com"]

[Event "Titled Tuesday Blitz August 08 Early 2023"]
[White "Kushko, Dmitriy"]
[Black "Garcia Ramos, Daniel"]
[WhiteFideId "14162261"]
[BlackFideId "32010311"]
[WhiteElo "2835"]
[BlackElo "2629"]
[Result "1-0"]
[Round "7"]
[TimeControl "180+1"]
[Date "2023.08.08"]
[WhiteClock "0:00:04"]
[BlackClock "0:00:00"]
[Board "39"]

1. Nf3 Nf6 2. g3 g6 3. Bg2 Bg7 4. d4 O-O 5. O-O d6 6. a4 Nbd7 7. a5 e5 8. c4 c6 9. Nc3 Qc7 10. e3 Re8 11. b3 e4 12. Nd2 d5 13. Bb2 h5 14. b4 Nf8 15. Qb3 Qd8 16. b5 Rb8 17. bxc6 dxc4 18. Nxc4 Be6 19. Qa4 bxc6 20. Ba3 Nd5 21. Rfc1 Nxc3 22. Rxc3 Bd5 23. Nd2 Re6 24. a6 Nd7 25. Rac1 h4 26. Qc2 hxg3 27. hxg3 Nf6 28. Nb3 Bf8 29. Bxf8 Qxf8 30. Nc5 Ree8 31. Qd2 Qh6 32. Qe2 Kg7 33. Kf1 Rb4 34. Ke1 Reb8 35. Nb7 Qh2 36. Qf1 Ng4 37. Qh1 Qxh1+ 38. Bxh1 Rb2 39. R3c2 Rb6 40. Nc5 f5 41. Bg2 Rb1 42. Bf1 Rxc1+ 43. Rxc1 Rb2 44. Be2 Nf6 45. Kd1 Ra2 46. Rc2 Ra1+ 47. Kd2 Ra5 48. Rb2 Kh6 49. Rb7 Ra2+ 50. Ke1 Ra1+ 51. Bd1 Ng4 52. Rxa7 Nh2 53. Kd2 Nf3+ 54. Bxf3 Ra2+ 55. Kc3 exf3 56. Ra8 Rxf2 57. a7 Ra2 58. Rh8+ Kg5 59. a8=Q Rxa8 60. Rxa8 Kg4 61. Nd3 Kxg3 62. Kd2 f2 63. Nxf2 Kxf2 64. Rf8 Kf3 65. Rf6 Ke4 66. Rxg6 1-0


[Site "https://www.chess.com"]

[Event "Titled Tuesday Blitz August 08 Early 2023"]
[White "Tristan, Leonardo"]
[Black "Pham, Le Thao Nguyen"]
[WhiteFideId "113816"]
[BlackFideId "12401226"]
[WhiteElo "2809"]
[BlackElo "2632"]
[Result "0-1"]
[Round "7"]
[TimeControl "180+1"]
[Date "2023.08.08"]
[WhiteClock "0:00:31"]
[BlackClock "0:00:08"]
[Board "40"]

1. d4 Nf6 2. Nf3 e6 3. Bf4 b6 4. e3 Bb7 5. Nbd2 Be7 6. h3 O-O 7. Bd3 d5 8. O-O Nbd7 9. c3 Ne4 10. Qe2 f5 11. Rfe1 Bd6 12. Rad1 Qf6 13. c4 h6 14. Rc1 g5 15. Bxd6 cxd6 16. cxd5 Bxd5 17. Rc7 Rf7 18. Rec1 Nf8 19. b3 Ng6 20. Ne1 Nxd2 21. Qxd2 Raf8 22. Qb4 g4 23. Qxd6 gxh3 24. Rxf7 Rxf7 25. Rc8+ Kh7 26. Qd8 Qxd8 27. Rxd8 hxg2 28. Bc4 Nh4 29. Bxd5 exd5 30. Rxd5 Rc7 31. Kh2 Rg7 32. Nxg2 Nxg2 33. Rxf5 Ne1 34. d5 Nd3 35. f4 Kg6 36. e4 Rf7 37. Rxf7 Kxf7 38. Kg3 Nb4 39. d6 Ke6 40. e5 Nxa2 41. f5+ Kd7 42. f6 Ke6 43. Kg4 Nb4 44. Kh5 Nc6 45. Kg6 Nxe5+ 46. Kg7 Nf7 47. d7 a5 48. Kf8 h5 49. Ke8 Kxf6 0-1


[Site "https://www.chess.com"]

[Event "Titled Tuesday Blitz August 08 Early 2023"]
[White "Bauman_Guy"]
[Black "Domingo Nunez, Ruben"]
[BlackFideId "22245570"]
[WhiteElo "2799"]
[BlackElo "2628"]
[Result "1-0"]
[Round "7"]
[TimeControl "180+1"]
[Date "2023.08.08"]
[WhiteClock "0:01:19"]
[BlackClock "0:00:05"]
[Board "41"]

1. e4 g6 2. d4 Bg7 3. Nc3 c6 4. Bc4 d5 5. exd5 b5 6. Bb3 b4 7. Nce2 cxd5 8. a3 bxa3 9. Rxa3 Nf6 10. Nf3 O-O 11. O-O Bg4 12. Ne5 Bxe2 13. Qxe2 e6 14. c3 Qb6 15. Nd3 a5 16. Bf4 Nc6 17. Rfa1 Nd7 18. Ba4 Rfc8 19. Bxc6 Rxc6 20. b4 Bf8 21. Nc5 Qd8 22. Rxa5 Rxa5 23. Rxa5 e5 24. Qb5 Qf6 25. Be3 Qf5 26. Nxd7 Rxc3 27. Nxe5 Qe4 28. h3 Rxe3 29. fxe3 Qxe3+ 30. Kf1 Qf4+ 31. Nf3 Qc1+ 32. Kf2 Qb2+ 33. Qe2 Qxb4 34. Rxd5 Qb7 35. Rd8 Kg7 36. Qe5+ f6 37. Qd5 Qxd5 38. Rxd5 1-0


[Site "https://www.chess.com"]

[Event "Titled Tuesday Blitz August 08 Early 2023"]
[White "Goldin, Alexander"]
[Black "Mayank Chakraborty"]
[WhiteFideId "2019540"]
[BlackFideId "25659766"]
[WhiteElo "2616"]
[BlackElo "2798"]
[Result "0-1"]
[Round "7"]
[TimeControl "180+1"]
[Date "2023.08.08"]
[WhiteClock "0:00:06"]
[BlackClock "0:00:34"]
[Board "42"]

1. d4 Nf6 2. Nf3 e6 3. e3 d5 4. b3 c5 5. Bb2 Nc6 6. a3 b6 7. Bd3 Bb7 8. O-O Bd6 9. c4 O-O 10. cxd5 exd5 11. Be2 Rc8 12. Nc3 Re8 13. dxc5 bxc5 14. Rc1 Ne5 15. Nb5 Nxf3+ 16. Bxf3 Bb8 17. Qd3 a6 18. Nc3 Qd6 19. g3 Rcd8 20. Na4 Ba7 21. Bg2 Bc6 22. Bxf6 Bb5 23. Qf5 Qxf6 24. Qxf6 gxf6 25. Rfd1 d4 26. exd4 cxd4 27. Nc5 d3 28. Ne4 Re6 29. a4 Bc6 30. Nd2 Bxg2 31. Kxg2 Re2 32. Nf1 Rxf2+ 33. Kh3 f5 34. Nd2 Rd6 35. g4 Rh6+ 36. Kg3 f4# 0-1


[Site "https://www.chess.com"]

[Event "Titled Tuesday Blitz August 08 Early 2023"]
[White "Christiansen, Johan-Sebastian"]
[Black "Heinemann, Josefine"]
[WhiteFideId "1512668"]
[BlackFideId "12900460"]
[WhiteElo "2794"]
[BlackElo "2601"]
[Result "1-0"]
[Round "7"]
[TimeControl "180+1"]
[Date "2023.08.08"]
[WhiteClock "0:01:18"]
[BlackClock "0:00:28"]
[Board "43"]

1. e4 c5 2. Nf3 d6 3. Nc3 Nf6 4. e5 dxe5 5. Nxe5 a6 6. g3 Qd6 7. Nf3 Nc6 8. Bg2 b5 9. O-O Bb7 10. d3 e6 11. Bf4 Qd7 12. a4 b4 13. Ne4 Be7 14. Qe2 O-O 15. c3 Rfd8 16. Rfd1 Na5 17. h4 Nd5 18. Bg5 f6 19. Bd2 Nb3 20. Rab1 Nxd2 21. Qxd2 f5 22. Neg5 h6 23. Nh3 Nf6 24. Nf4 e5 25. Nxe5 Qc8 26. Bxb7 Qxb7 27. Qe2 Bd6 28. d4 Re8 29. Qc4+ Kh7 30. Qd3 Ne4 31. Nfg6 cxd4 32. cxd4 Qd5 33. Qf3 Qe6 34. Rbc1 Rac8 35. Rxc8 Rxc8 36. g4 Bxe5 37. gxf5 Qe8 38. dxe5 Nc5 39. h5 Nxa4 40. f6 gxf6 41. Qxf6 Nc5 42. Qf5 Qe6 43. Nf8+ 1-0


[Site "https://www.chess.com"]

[Event "Titled Tuesday Blitz August 08 Early 2023"]
[White "Budrewicz, Krzysztof"]
[Black "Rahman, Masruri"]
[WhiteFideId "1127950"]
[BlackFideId "7101163"]
[WhiteElo "2598"]
[BlackElo "2780"]
[Result "0-1"]
[Round "7"]
[TimeControl "180+1"]
[Date "2023.08.08"]
[WhiteClock "0:01:10"]
[BlackClock "0:00:03"]
[Board "44"]

1. d4 e6 2. c4 Nf6 3. Nf3 Bb4+ 4. Bd2 Qe7 5. g3 O-O 6. Bg2 Bxd2+ 7. Nbxd2 d6 8. O-O e5 9. e3 Nc6 10. d5 Nb4 11. Nb1 Bf5 12. Nc3 Bc2 13. Qd2 Bd3 14. Rfc1 Bxc4 15. b3 Ba6 16. Ne1 e4 17. Bf1 Bxf1 18. Kxf1 Qe5 19. Rd1 Qf5 20. Kg2 h5 21. a3 Na6 22. b4 Nb8 23. h3 Nbd7 24. Nc2 Qf3+ 25. Kg1 h4 26. Nd4 Qh5 27. g4 Qg5 28. f4 exf3 29. Nxf3 Qg6 30. Nxh4 Qh7 31. Qf2 Rae8 32. Kg2 Ne4 33. Nxe4 Qxe4+ 34. Qf3 Qxe3 35. Qxe3 Rxe3 36. Nf5 Re2+ 37. Kf3 Rfe8 38. Rac1 Ra2 39. Rd3 Ne5+ 40. Kg3 Nxd3 41. Rxc7 Rxa3 42. Nxd6 Re3+ 43. Kh4 Nf4 44. Rc8+ Kh7 45. Nxf7 Re7 46. Ng5+ Kg6 47. Rd8 Ng2# 0-1


[Site "https://www.chess.com"]

[Event "Titled Tuesday Blitz August 08 Early 2023"]
[White "Moskvin, Anatoly"]
[Black "Tanenbaum, Zachary"]
[WhiteFideId "24199990"]
[BlackFideId "2060850"]
[WhiteElo "2593"]
[BlackElo "2752"]
[Result "1-0"]
[Round "7"]
[TimeControl "180+1"]
[Date "2023.08.08"]
[WhiteClock "0:00:23"]
[BlackClock "0:00:09"]
[Board "45"]

1. e4 e5 2. Nf3 Nc6 3. Bc4 Nf6 4. d3 Be7 5. c3 O-O 6. Nbd2 d5 7. Bb3 Bc5 8. h3 h6 9. Bc2 Be6 10. Qe2 Qe7 11. a4 a5 12. Nf1 dxe4 13. dxe4 Nh5 14. Nxe5 Nxe5 15. Qxh5 Bc4 16. Be3 Bxf1 17. Bxc5 Qxc5 18. Kxf1 Rfd8 19. Rd1 Rxd1+ 20. Qxd1 Ra6 21. Qd8+ Kh7 22. Qd4 Qxd4 23. cxd4 Rc6 24. Bd1 Nd3 25. Ke2 Nxb2 26. Bb3 f6 27. Rb1 Nc4 28. Kd3 Nd6 29. Bd5 Rb6 30. Rxb6 cxb6 31. e5 fxe5 32. dxe5 Nf5 33. Be4 g6 34. Bxf5 gxf5 35. Kc4 Kg7 36. f4 Kf7 37. Kb5 Ke6 38. Kxb6 Kd5 39. Kxb7 Kc5 40. Kc7 Kd5 41. Kb6 h5 42. Kxa5 h4 43. Kb4 Ke4 44. e6 Kxf4 45. e7 Kg3 46. e8=Q f4 47. Qe2 Kh2 48. Qf3 Kg1 49. Qxf4 Kh1 50. Qxh4 Kh2 51. g4 Kg2 52. g5 Kf3 53. g6 Kg2 54. g7 Kh2 55. g8=Q Kh1 56. Qe4+ Kh2 57. Qgg2# 1-0


[Site "https://www.chess.com"]

[Event "Titled Tuesday Blitz August 08 Early 2023"]
[White "Toropov, Pavel"]
[Black "Adewumi, Tanitoluwa"]
[WhiteFideId "24129178"]
[BlackFideId "30966396"]
[WhiteElo "2585"]
[BlackElo "2747"]
[Result "0-1"]
[Round "7"]
[TimeControl "180+1"]
[Date "2023.08.08"]
[WhiteClock "0:00:05"]
[BlackClock "0:00:07"]
[Board "46"]

1. e4 c5 2. Nf3 e6 3. d4 cxd4 4. Nxd4 Nc6 5. Nc3 Qc7 6. Be3 a6 7. Qf3 Bd6 8. O-O-O Be5 9. Nxc6 bxc6 10. Bd4 Nf6 11. Bxe5 Qxe5 12. Qg3 Qxg3 13. hxg3 d5 14. Bd3 h6 15. f3 Ke7 16. g4 Rd8 17. Rde1 a5 18. exd5 cxd5 19. Nb5 Ba6 20. Nd4 Kd7 21. Bxa6 Rxa6 22. a4 Rc8 23. Re3 Rc4 24. c3 Rxa4 25. Kc2 Rc4 26. Ra1 a4 27. Ree1 Ne8 28. Kd3 Nd6 29. b3 Rc5 30. Rxa4 Rxa4 31. bxa4 Ra5 32. Ra1 Nc4 33. Nb3 Ra7 34. a5 Kc6 35. Nd4+ Kc5 36. Nb3+ Kb5 37. Nd4+ Kc5 38. Nb3+ Kd6 39. Kd4 e5+ 40. Kd3 Ra6 41. Kc2 f6 42. Ra4 Kc6 43. Ra1 Kb5 44. Rb1 Kc6 45. Ra1 g6 46. Ra4 Kb5 47. Rb4+ Kc6 48. Ra4 h5 49. gxh5 gxh5 50. Ra1 Kb5 51. Rh1 Nxa5 52. Rxh5 Nc4 53. Kb1 Ra3 54. Kc2 Ra2+ 55. Kc1 Rxg2 56. Rh8 Rf2 57. Rb8+ Kc6 58. Rc8+ Kd6 59. Ra8 Rxf3 60. Ra6+ Ke7 61. Nc5 Rxc3+ 62. Kd1 Ne3+ 63. Ke2 Rxc5 64. Kxe3 Rc3+ 65. Kd2 d4 0-1


[Site "https://www.chess.com"]

[Event "Titled Tuesday Blitz August 08 Early 2023"]
[White "Taboas Rodriguez, Daniel"]
[Black "Materia, Marco"]
[WhiteFideId "2208466"]
[BlackFideId "45150451"]
[WhiteElo "2582"]
[BlackElo "2743"]
[Result "0-1"]
[Round "7"]
[TimeControl "180+1"]
[Date "2023.08.08"]
[WhiteClock "0:00:34"]
[BlackClock "0:01:37"]
[Board "47"]

1. d4 Nf6 2. Nf3 d5 3. c4 e6 4. Nc3 Be7 5. Bg5 O-O 6. e3 h6 7. Bh4 b6 8. Bd3 Bb7 9. O-O Nbd7 10. Qe2 Ne4 11. Bg3 c5 12. Rad1 cxd4 13. exd4 Nxc3 14. bxc3 dxc4 15. Bxc4 Rc8 16. Ne5 Nxe5 17. Bxe5 Bd6 18. Ba6 Bxe5 19. dxe5 Qc7 20. Bxb7 Qxb7 21. Rd3 Qa6 22. Qd2 Rc5 23. Re1 Qc4 24. Rg3 Kh8 25. Rh3 Qg4 26. Ree3 Rd5 27. Rd3 Rxe5 28. Rdg3 Qe4 29. Rxh6+ Kg8 30. Rxg7+ Kxg7 31. Qg5+ Rxg5 0-1


[Site "https://www.chess.com"]